Map: Temple gelé

Players

Jonny

  • Race: Zerg Zerg
  • League: Master

FishKiller - Winner!

  • Race: Zerg Zerg
  • League: Master

VOD

Have the link to the VOD?

Description

Time

  • Played on: May 10, 2016, 2:16 p.m.
  • Length: 3:25
Show
View Real Time Build Order
Export as new Build Order

Jonny Zerg 

Build Orders: Pool Only 

Get SALT Encoding   

  12  0:18  Spawning Pool  
  11  0:22  Drone  
  11  0:27  Drone  
  13  0:32  Drone  
  14  0:44  Overlord  
  14  1:06  Zergling x6  
  17  1:18  Zergling x2  
  18  1:30  Zergling x2  
  19  1:41  Zergling x2  
  20  1:58  Extractor  
  19  2:03  Queen  
  20  2:13  Drone x2  
  20  2:15  Overlord  
  22  2:36  Drone x2  
  24  2:57  Zergling x4  
  23  3:00  Spine Crawler  
Show
View Real Time Build Order
Export as new Build Order

FishKiller Zerg - Winner!

Build Orders: Pool First 

Get SALT Encoding   

  12  0:01  Drone  
  13  0:08  Extractor  
  12  0:25  Spawning Pool  
  11  0:31  Drone  
  11  0:34  Drone  
  13  0:40  Drone  
  14  0:52  Overlord  
  14  1:12  Metabolic Boost  
  14  1:15  Queen  
  16  1:19  Zergling x2  
  16  1:22  Zergling x2  
  18  1:27  Zergling x2  
  18  1:31  Zergling x2  
  20  1:41  Zergling x2  
  21  1:55  Overlord  
  21  2:07  Zergling x2  
  21  2:19  Zergling x2  
  22  2:24  Zergling x6  
  25  2:32  Zergling x2  
  26  2:38  Hatchery  
  26  2:39  Zergling x2  
  26  2:53  Zergling x2  
  26  3:00  Zergling x4  
  25  3:05  Zergling x2  
  25  3:06  Zergling x2  
Tags
 
Add a new tag
Caveats
  • Supply blocks, unpowered buildings, or Contaminate may cause inaccurate times.
  • Supply counts are checked every 10 seconds.